[Event "Early-Titled-Tuesday-Blitz-February-27-2024"]
[Site "Chess.com"]
[Date "2024.02.27"]
[Round "7"]
[White "toninhojit"]
[Black "DefiantChair"]
[Result "0-1"]
[WhiteElo "2468"]
[BlackElo "2609"]
[TimeControl "180+1"]
[EndTime "9:18:27 PST"]
[Termination "DefiantChair won by resignation"]

1. d4 Nf6 2. c4 g6 3. Nc3 Bg7 4. e4 d6 5. Be2 O-O 6. Bg5 Na6 7. Qd2 c5 8. d5 Qe8 9. Nf3 Ng4 10. O-O e6 11. h3 Ne5 12. Bh6 Nxf3+ 13. Bxf3 e5 14. Bxg7 Kxg7 15. Rae1 Nc7 16. Bg4 f5 17. exf5 gxf5 18.
Qg5+ Qg6 19. Qxg6+ hxg6 20. Bd1 b5 21. cxb5 Rb8 22. a4 a6 23. Be2 Bd7 24. Ra1 Rf7 25. bxa6 Rxb2 26. Bb5 Bc8 27. Rfb1 Rxb1+ 28. Rxb1 Nxa6 29.
Bxa6 Bxa6 30. Rb6 Bc4 31. Rxd6 Rb7 32. Rc6 Rb3 33. Nb5 Bxb5 34. axb5 Rxb5 35. Kf1 e4 36.
Ke2 Kh6 37. g3 Rb2+ 38. Ke3 Rb3+ 39. Ke2 Rc3 40. d6 Rd3 41. h4 Rd5 42. Ke3 Kg7 43. d7 Rxd7 44. Rxc5 Rd3+ 45. Ke2 Kh6 46. Rc8 Kh5 47.
Rg8 Ra3 48. Rg7 Ra6 49. Rb7 Kg4 50. Rb2 Ra3 51. Rc2 Ra6 52. Rb2 Kh3 53. Ke3 Kg4 54. Kd4 Kf3 55. Ke5 e3 56. fxe3 Kxg3 57. e4 f4 58. Kd4 f3 59. e5 f2 60. Rb1 Kxh4 61. Ke3 Kg3 62. Ke2 Re6 63. Kf1 Rxe5 64. Rb3+ Kh2 65.
Kxf2 Rf5+ 66. Ke2 g5 67. Rb8 g4 68. Rh8+ Kg2 69. Rg8 Re5+ 70. Kd3 g3 71. Kd4 Re1 72.
Kd3 Kh2 73. Rh8+ Kg1 74. Rg8 g2 75. Kd2 Re5 76. Kd3 Kf2 77. Rf8+ Kg3 78. Rg8+ Kh3 79. Kd4 Re1 80. Rh8+ Kg3 81. Rg8+ Kf3 82. Rf8+ Ke2 83. Re8+ Kd2 84. Rg8 g1=Q+ 0-1

[Event "Early-Titled-Tuesday-Blitz-February-27-2024"]
[Site "Chess.com"]
[Date "2024.02.27"]
[Round "7"]
[White "Yan_Dyomin2010"]
[Black "Actuary44"]
[Result "1-0"]
[WhiteElo "2738"]
[BlackElo "2517"]
[TimeControl "180+1"]
[EndTime "9:18:31 PST"]
[Termination "Yan_Dyomin2010 won by checkmate"]

1. e4 b6 2. d4 Bb7 3. Bd3 e6 4. Nf3 Nf6 5. Qe2 d5 6. e5 Nfd7 7. O-O c5 8. c3 Nc6 9. a3 Qc7 10. b4 c4 11. Bc2 h6 12. Re1 O-O-O 13.
Nbd2 Re8 14. a4 f5 15. exf6 gxf6 16. Nf1 e5 17. Ng3 e4 18. Nh4 Kb8 19. Ng6 Rg8 20. Nxf8 Nxf8 21. Qh5 Ne6 22. Qh4 Rg6 23. Bxe4 dxe4 24.
d5 Ne5 25. dxe6 Nd3 26. Be3 Rxe6 27. Qh5 Rg8 28. Qxh6 Ree8 29. Qxf6 Ref8 30. Qh4 Rh8 31. Qg5 Qh7 32. h3 Rhg8 33. Qh5 Qxh5 34. Nxh5 Nxe1 35.
Rxe1 Rd8 36. Bd4 e3 37. Nf4 exf2+ 38. Kxf2 Rde8 39. Rxe8+ Rxe8 40. g4 Re4 41. Kg3 Bc6 42.
a5 bxa5 43. bxa5 Re1 44. Bc5 Kb7 45. Kf2 Rh1 46. g5 Be4 47. g6 Bxg6 48. Nxg6 Rxh3 49. Bb4 Ka6 50. Ne5 Kb5 51. Ke2 Rh8 52. Kd2 Rd8+ 53. Kc2 Re8 54. Nf3 Re2+ 55. Kd1 Ra2 56. Nd4+ Ka4 57. Nc6 a6 58. Nb8 Kb5 59. Nd7 Rh2 60. Nc5 Rg2 61. Ne4 Rh2 62. Nd2 Rg2 63. Ke1 Rh2 64.
Nf3 Rh3 65. Nd4+ Ka4 66. Ke2 Rg3 67. Nf5 Rh3 68. Nd6 Rh4 69. Ke3 Rg4 70. Ne4 Rh4 71.
Nc5+ Kb5 72. Ne6 Rh3+ 73. Kd4 Rh4+ 74. Kd5 Rh5+ 75. Kd6 Rh1 76. Nd4+ Ka4 77. Kc5 Rh5+ 78. Kxc4 Rxa5 79. Bxa5 Kxa5 80. Nb3+ Kb6 81. Kb4 Kc6 82. Na5+ Kb6 83. c4 Kc7 84. c5 Kb8 85. Kc4 Kc7 86.
Kd5 Kd7 87. c6+ Kc7 88. Kc5 Kc8 89. Kd6 Kb8 90. c7+ Ka7 91. Nc6+ Kb7 92. Kd7 Kb6 93. c8=Q Kb5 94. Qb8+ Kc5 95. Qb4+ Kd5 96. Qd4# 1-0

[Event "Early-Titled-Tuesday-Blitz-February-27-2024"]
[Site "Chess.com"]
[Date "2024.02.27"]
[Round "7"]
[White "Viacheslav92"]
[Black "NewYearGirl"]
[Result "1/2-1/2"]
[WhiteElo "2541"]
[BlackElo "2383"]
[TimeControl "180+1"]
[EndTime "9:18:46 PST"]
[Termination "Game drawn - insufficient material"]

1. d4 Nf6 2. Bg5 c5 3. Bxf6 gxf6 4.
d5 d6 5. c4 f5 6. Nc3 Bg7 7. Qc2 e5 8. e3 O-O 9. Bd3 e4 10. Be2 Nd7 11. Nh3 Ne5 12. O-O Kh8 13. Nf4 Bh6 14. g3 Rg8 15. a3 Bd7 16. b4 b6 17.
bxc5 bxc5 18. Rab1 Ng6 19. Kh1 Qg5 20. Nxg6+ hxg6 21. Rb7 Rad8 22. Nb5 Bf8 23. Rxa7 Kg7 24. h4 Rh8 25. Kg2 Rxh4 26. Qb2+ f6 27. Rh1 Rxh1 28. Kxh1 f4 29. exf4 Qh6+ 30. Kg1 Be7 31. Qc2 e3 32. Qe4 exf2+ 33. Kxf2 Qh2+ 34. Qg2 Qh6 35. Bf3 g5 36. Qh1 Qg6 37. Be4 f5 38. Bf3 Qf6 39. Qe1 g4 40.
Bg2 Bxb5 41. Rxe7+ Kf8 42. Re6 Qd4+ 43. Qe3 Bxc4 44. Qxd4 cxd4 45. Bf1 d3 46. Ke3 Ra8 47. Rf6+ Ke7 48. Rxf5 Rxa3 49. Rg5 Ra1 50. Bxd3 Ra3 51. Rxg4 Rxd3+ 52. Ke4 Rxd5 53. Rg7+ Kf6 54. Rc7 Ba2 55. g4 Rd1 56. g5+ Kg6 57. Rd7 Bb1+ 58. Kf3 Bf5 59. Re7 d5 60. Ra7 d4 61. Ra6+ Kg7 62. Rf6 Bb1 63. f5 Rf1+ 64. Kg4 Rg1+ 65. Kf4 d3 66. Rd6 Rf1+ 67. Ke5 Re1+ 68. Kf4 Rd1 69.
Ke5 d2 70. Rd7+ Kf8 71. Kf6 Ke8 72. Rd4 Rf1 73. Rxd2 Rxf5+ 74. Ke6 Rxg5 75. Re2 Kf8 76. Kf6 Rb5 77. Rd2 Rb6+ 78. Kg5 Kf7 79. Kf4 Rb5 80. Ke3 Rb4 81. Rd7+ Ke6 82. Rd4 Rb3+ 83. Kf4 Bh7 84. Ra4 Rb5 85. Ra6+ Kf7 86. Ra7+ Kg6 87. Ra6+ Kh5 88.
Ke3 Bg6 89. Kd4 Kg5 90. Rd6 Ra5 91. Rd5+ Rxd5+ 92. Kxd5 1/2-1/2

[Event "Early-Titled-Tuesday-Blitz-February-27-2024"]
[Site "Chess.com"]
[Date "2024.02.27"]
[Round "7"]
[White "Njal28"]
[Black "starworld123"]
[Result "1/2-1/2"]
[WhiteElo "2999"]
[BlackElo "2851"]
[TimeControl "180+1"]
[EndTime "9:18:53 PST"]
[Termination "Game drawn - insufficient material"]

1. d4 Nf6 2. c4 e6 3. Nc3 Bb4 4. e3 O-O 5. a3 Bxc3+ 6. bxc3 d6 7. Ne2 e5 8. Ng3 Re8 9. f3 c5 10. d5 Nbd7 11. e4 Nf8 12. Bd3 Ng6 13. O-O Bd7 14. Ra2 Nf4 15. Bb1 Qa5 16. Ne2 Nxe2+ 17. Rxe2 Qxc3 18. Bb2 Qxc4 19. Bd3 Qa4 20. Qe1 Bb5 21.
Bxb5 Qxb5 22. f4 Nd7 23. f5 f6 24. Rf3 c4 25. Bc3 Nc5 26. Qh4 Nd3 27. h3 Qb1+ 28. Kh2 Nf4 29. Ree3 Qc2 30. Rg3 Kh8 31. Rg4 Ne2 32.
Be1 Qd1 33. Rf3 c3 34. Rxc3 Nxc3 35. Bxc3 Qc1 36. Bb4 Red8 37. Qh5 Qh6 38. Qf7 a5 39. Bd2 Rf8 40. Qe7 Rae8 41. Qd7 Rd8 42. Qc7 Rc8 43.
Qe7 Rce8 44. Qxb7 Rb8 45. Qa7 Ra8 46. Qe7 Rae8 47. Qc7 Rc8 48. Qa7 Ra8 49. Qxa8 Rxa8 50. Bxh6 gxh6 51. Rg3 Rc8 52. Rb3 Rc4 53. Rb6 Rxe4 54.
Rxd6 Kg7 55. Ra6 a4 56. d6 Rd4 57. Ra7+ Kf8 58. Rxh7 Rxd6 59. Rxh6 Kg7 60. Rg6+ Kf7 61. h4 Rd4 62. h5 Rh4+ 63. Kg3 Rxh5 64. Kg4 Rh2 65. Kg3 Rh1 66. Rg4 Ra1 67. Rxa4 Rf1 68. Ra7+ Kf8 69. a4 Rxf5 70. a5 Rf4 71. a6 Ra4 72. Kf3 Kg8 73. Ke3 f5 74. g3 Ra3+ 75. Kd2 f4 76. gxf4 exf4 77. Ke2 f3+ 78. Kf2 Kf8 79. Kg3 Ke8 80. Kh2 Ra2+ 81. Kg1 Kd8 82. Ra8+ Kc7 83. a7 Kb7 84. Rf8 Kxa7 85. Rxf3 Ra1+ 86. Kf2 Ra6 87. Ke3 Rc6 88. Kd4 Kb6 89. Kd5 Rc5+ 90. Kd4 Rc6 91. Rb3+ Kc7 92. Kd5 Rd6+ 93.
Ke5 Rc6 94. Rd3 Kb6 95. Kd5 Rc5+ 96. Kd4 Kc6 97. Rh3 Rd5+ 98. Ke4 Rd1 99. Rc3+ Kd6 100. Rc2 Re1+ 101. Kd3 Rd1+ 102. Ke2 Rd5 103. Rd2 Rxd2+ 104. Kxd2 1/2-1/2

[Event "Early-Titled-Tuesday-Blitz-February-27-2024"]
[Site "Chess.com"]
[Date "2024.02.27"]
[Round "7"]
[White "ketster"]
[Black "Ramla2020"]
[Result "1/2-1/2"]
[WhiteElo "2588"]
[BlackElo "2408"]
[TimeControl "180+1"]
[EndTime "9:19:04 PST"]
[Termination "Game drawn by 50-move rule"]

1. d4 Nf6 2. c4 e6 3. Nc3 Bb4 4. g3 d5 5. Bg2 dxc4 6. Qa4+ Nc6 7. Bxc6+ bxc6 8. Qxb4 a5 9. Qxc4 Qd7 10. Nf3 Ba6 11. Qa4 O-O 12. O-O Rfb8 13. Ne5 Qd6 14. Rd1 Rb4 15.
Qxc6 Qd8 16. Nf3 Rc4 17. Qxc4 Bxc4 18. b3 Ba6 19. Bg5 h6 20. Bf4 Bb7 21. Rac1 Rc8 22. Ne5 Nd5 23. Nxd5 Qxd5 24. f3 f6 25. Rc5 Qd8 26.
Nc6 Bxc6 27. Rxc6 e5 28. Be3 Qe8 29. d5 e4 30. Re6 Qb5 31. Kf2 exf3 32. exf3 Rd8 33.
Re7 Rxd5 34. Rxd5 Qxd5 35. Rxc7 a4 36. Rc3 Qe5 37. Rc8+ Kh7 38. bxa4 Qb2+ 39. Kg1 Qa1+ 40. Kg2 Qxa2+ 41. Bf2 Qxa4 42. Rc7 Qa5 43. Ra7 Qe5 44. Rb7 Qd5 45. Rc7 h5 46. Rc5 Qb7 47. Rxh5+ Kg8 48. Rc5 g5 49. h4 g4 50. Rf5 Kg7 51.
Be3 Kg6 52. Rf4 f5 53. h5+ Kf6 54. h6 Kg6 55. h7 gxf3+ 56. Rxf3 Kxh7 57. Kf2 Kg6 58. Bf4 Qb2+ 59. Kf1 Qb1+ 60. Kf2 Qc2+ 61. Kf1 Qd1+ 62. Kf2 Qh1 63. Re3 Qh2+ 64. Kf1 Kf7 65. Re5 Qh3+ 66. Kf2 Qg4 67. Re3 Qd1 68. Re5 Kg6 69. Re3 Kh5 70. Re5 Kg4 71. Re3 Qd2+ 72. Re2 Qd3 73. Re3 Qd4 74. Ke2 Qc4+ 75. Kd2 Qa2+ 76. Kd3 Qd5+ 77. Ke2 Qb5+ 78. Kf2 Qc5 79. Ke2 Qc2+ 80. Ke1 Kh3 81. Re2 Qd3 82. Re3 Qb1+ 83. Ke2 Kg2 84. Kd2 Qb2+ 85. Kd3 Qb5+ 86. Kd4 Kh3 87.
Re5 Qd7+ 88. Ke3 Kg4 89. Ke2 Qd4 90. Ke1 Qd3 91. Re3 Qc2 92. Re2 Qb1+ 93. Kf2 Qb3 94. Re3 Qc2+ 95. Re2 Qc6 96. Re3 Qb7 97. Ke2 Qh7 98.
Kd2 Qh2+ 99. Kd3 Qg1 100. Kd2 Qf1 101. Re2 Kf3 102. Re3+ Kg4 103. Kc3 Qf2 104. Kd3 Qf1+ 105. Kd2 Kh3 106. Kc3 Qd1 1/2-1/2

[Event "Early-Titled-Tuesday-Blitz-February-27-2024"]
[Site "Chess.com"]
[Date "2024.02.27"]
[Round "7"]
[White "blitzking1729"]
[Black "Oleksandr_Bortnyk"]
[Result "1/2-1/2"]
[WhiteElo "2741"]
[BlackElo "3064"]
[TimeControl "180+1"]
[EndTime "9:19:30 PST"]
[Termination "Game drawn by stalemate"]

1. c4 Nf6 2. Nc3 b6 3. d4 Bb7 4. Qc2 g6 5. e4 d6 6. Nf3 Bg7 7. h3 O-O 8. Be2 c5 9. Be3 cxd4 10. Nxd4 Nc6 11. O-O Rc8 12. Rad1 Nxd4 13. Bxd4 Qc7 14.
Rfe1 Rfd8 15. Bf1 Qb8 16. Qb1 e6 17. b3 Nh5 18. Bxg7 Nxg7 19. Nb5 a6 20. Nd4 e5 21. Nc2 Qa8 22. f3 Ne6 23. Rd2 Qa7 24. Kh1 b5 25. Red1 Qb6 26. cxb5 axb5 27. Qb2 h5 28. Qa3 Nf4 29.
Qb4 Bc6 30. a4 d5 31. axb5 Bb7 32. exd5 Rxd5 33. Na3 Rxd2 34. Qxd2 Bd5 35. Nc4 Qf6 36. b6 Bxc4 37. Bxc4 Qxb6 38. Bxf7+ Kg7 39. Bc4 Rc7 40. Qd8 Qa7 41. Qg8+ Kh6 42. Qh8+ Rh7 43. Qxe5 Qc7 44. Rd6 Nxh3 45. gxh3 Re7 46. Qf4+ Kh7 47. Qf6 Rg7 48.
Kg2 Qa5 49. Qd4 Qg5+ 50. Kf1 Qc1+ 51. Qd1 Qf4 52. Rd7 Qh2 53. Rxg7+ Kxg7 54. Qd7+ Kh6 55.
Be2 Qh1+ 56. Kf2 Qh2+ 57. Ke1 Qg1+ 58. Kd2 Qb1 59. Qd3 Qb2+ 60. Qc2 Qd4+ 61. Kc1 Qa1+ 62.
Kd2 Qd4+ 63. Ke1 Qg1+ 64. Bf1 Qe3+ 65. Qe2 Qxb3 66. Kf2 Kh7 67. Qe7+ Kg8 68. Qe8+ Kg7 69. Qe5+ Kg8 70. Qe4 Qb2+ 71. Be2 Kg7 72. f4 Qb6+ 73. Kf3 Qg1 74. Qe3 Qh1+ 75. Kg3 Qe1+ 76. Qf2 Qc3+ 77.
Kg2 Qc6+ 78. Bf3 Qf6 79. Qe3 Qb2+ 80. Kg3 Qb1 81. Qe7+ Kh6 82. Qe3 Kg7 83. Qe5+ Kh6 84. Qd4 Qe1+ 85. Kg2 Kh7 86. Qd7+ Kh6 87. Qd4 Kh7 88. f5 gxf5 89. Qf6 Qd2+ 90. Kg3 Qe1+ 91. Kf4 Qd2+ 92. Kxf5 Qa5+ 93. Kf4 Qd2+ 94. Kg3 Qe1+ 95. Kg2 Qd2+ 96. Kg1 Qe1+ 97. Kg2 Qd2+ 98. Kf1 Qc1+ 99.
Ke2 Qc2+ 100. Ke3 Qc1+ 101. Ke4 Qc2+ 102. Kf4 Qc1+ 103. Kf5 Qc5+ 104. Ke6 Qb6+ 105. Kf7 Qxf6+ 106. Kxf6 h4 107. Kg5 Kh8 108. Kxh4 Kg8 109. Kg5 Kh8 110. h4 Kg7 111. h5 Kh8 112. h6 Kh7 113. Kh5 Kh8 114. Kg6 Kg8 115. h7+ Kh8 116. Kh6 1/2-1/2

[Event "Early-Titled-Tuesday-Blitz-February-27-2024"]
[Site "Chess.com"]
[Date "2024.02.27"]
[Round "7"]
[White "artin10862"]
[Black "Mikasinski"]
[Result "1-0"]
[WhiteElo "2885"]
[BlackElo "2644"]
[TimeControl "180+1"]
[EndTime "9:20:05 PST"]
[Termination "artin10862 won by checkmate"]

1. c4 e5 2. Nc3 Nc6 3. g3 Bc5 4. Bg2 d6 5. e3 Bf5 6. Nge2 Nb4 7. d4 Nc2+ 8. Kf1 Nxa1 9. dxc5 dxc5 10. Bd2 c6 11. e4 Be6 12. Ke1 Bxc4 13. Qxa1 Nf6 14.
b3 Ba6 15. Be3 b6 16. f3 h5 17. Kf2 h4 18. Rd1 hxg3+ 19. hxg3 Qc8 20. Rd6 Qc7 21. Qd1 Rd8 22. Rxd8+ Qxd8 23. Qc1 Qd3 24. g4 c4 25.
b4 Bc8 26. g5 Nh5 27. Bf1 Qd6 28. b5 Bd7 29. a4 O-O 30. bxc6 Bxc6 31. Ng3 Nf4 32.
Bxc4 Rc8 33. Qb2 Bd7 34. Bf1 Qg6 35. Nd5 Nxd5 36. Bd2 Nf4 37. Qxe5 Nh3+ 38. Kg2 Rc2 39. Qd4 Qe6 40. Kh2 Rxd2+ 41. Qxd2 Qg6 42. Qxd7 Nxg5 43. Qc8+ Kh7 44. Kg2 Qh6 45. Qf5+ g6 46. Qg4 Ne6 47. Ne2 Qd2 48. Qh4+ Kg7 49. Qf2 Qg5+ 50. Ng3 Nf4+ 51. Kg1 Nh5 52. Kh2 Qh4+ 53. Bh3 Nf4 54. Qf1 Qg5 55.
Ne2 Nh5 56. f4 Qh4 57. Qf3 Qe1 58. e5 Qd2 59. Kg1 Kh6 60. Bg4 Qc1+ 61. Kf2 Qc5+ 62.
Qe3 Qe7 63. f5+ Kg7 64. f6+ Nxf6 65. exf6+ Qxf6+ 66. Bf3 Qh4+ 67. Kg2 Qxa4 68. Qe5+ Kf8 69. Nf4 Qc2+ 70. Kg3 Qc8 71. Qf6 Qf5 72. Qh8+ Ke7 73.
Nd5+ Kd6 74. Qf8+ Ke5 75. Qb8+ Kd4 76. Qh8+ Qe5+ 77. Qxe5+ Kxe5 78. Nc7 a5 79. Nb5 f5 80. Be2 g5 81. Kf2 Ke4 82. Na3 Kd4 83. Ke1 Kc3 84.
Nb5+ Kb4 85. Kd2 g4 86. Nd4 f4 87. Bxg4 a4 88. Kc2 Kc4 89. Ne2 b5 90. Nxf4 b4 91.
Nd3 b3+ 92. Kd2 Kd4 93. Be6 Ke4 94. Kc3 Ke3 95. Bc4 Ke2 96. Nc5+ Kd1 97. Nxa4 Kc1 98. Bxb3 Kb1 99. Nb6 Ka1 100. Nc4 Kb1 101. Nd2+ Ka1 102. Ne4 Kb1 103. Bd5 Ka1 104. Nc5 Kb1 105. Nb3 Ka2 106. Nd2+ Ka1 107. Nc4 Ka2 108. Ne3+ Ka1 109. Nc2+ Kb1 110. Bc4 Kc1 111. Ba2 Kd1 112. Nd4 Kc1 113. Ne2+ Kd1 114. Kd3 Ke1 115. Ke3 Kd1 116. Bb3+ Ke1 117. Nf4 Kf1 118. Bc2 Ke1 119. Ng2+ Kf1 120. Kf3 Kg1 121. Kg3 Kf1 122. Bd3+ Kg1 123. Nf4 Kh1 124. Be2 Kg1 125. Nh3+ Kh1 126. Bf3# 1-0

[Event "Early-Titled-Tuesday-Blitz-February-27-2024"]
[Site "Chess.com"]
[Date "2024.02.27"]
[Round "7"]
[White "ahkashefi2800"]
[Black "RobertoJBM"]
[Result "0-1"]
[WhiteElo "2600"]
[BlackElo "2855"]
[TimeControl "180+1"]
[EndTime "9:20:07 PST"]
[Termination "RobertoJBM won by checkmate"]

1. d4 d5 2. c4 c6 3. Nc3 Nf6 4. Nf3 dxc4 5. a4 Bf5 6. e3 e6 7.
Bxc4 Bb4 8. O-O O-O 9. Bd3 Bxd3 10. Qxd3 Nbd7 11. Rd1 Qe7 12. Bd2 e5 13. dxe5 Nxe5 14. Nxe5 Qxe5 15. Qc4 a5 16. Na2 Bd6 17. h3 Qh2+ 18.
Kf1 Qh1+ 19. Ke2 Qxg2 20. Bc3 Ne4 21. Rg1 Qxf2+ 22. Kd3 Nxc3 23. Qxc3 Qf5+ 24. Ke2 Be5 25. Qc4 Qxh3 26. Raf1 Qe6 27. Qe4 f5 28. Qb1 Rae8 29. Rf3 g6 30. Nc1 Bd4 31. Qd3 Bxb2 32. Nb3 Be5 33.
Nc5 Qa2+ 34. Kf1 Rd8 35. Nd7 Rf7 36. Rf2 Qe6 37. Nc5 Rxd3 38. Nxe6 Rxe3 39. Rd2 Re7 40. Rd8+ Kf7 41. Ng5+ Kg7 42. Kf2 Ra3 43. Rgd1 h6 44. Nf3 Bf6 45. Rb8 Rxa4 46. Rdd8 Rae4 47. Rg8+ Kh7 48.
Rgf8 Bg7 49. Rfd8 g5 50. Ra8 a4 51. Ra5 b5 52. Rd6 f4 53. Rxc6 Re3 54. Rxb5 Rb3 55. Ra5 a3 56. Rc1 Ree3 57. Nd2 Rb2 58. Rd1 Rd3 59. Ke2 Re3+ 60. Kf1 Bc3 61. Nc4 Rf3+ 62.
Kg1 Rg3+ 63. Kh1 Bxa5 64. Nxb2 axb2 65. Rb1 Rb3 66. Kh2 Bd2 67. Rd1 Bc1 68. Rf1 Kg6 69. Re1 b1=Q 70. Re6+ Kf5 71. Re2 Qb2 72. Rg2 Qxg2+ 73. Kxg2 g4 74. Kf2 Ba3 75. Ke2 Be7 76. Kf1 Re3 77. Kg2 Ra3 78. Kh1 Ra2 79. Kg1 Ke4 80.
Kh1 Ke5 81. Kg1 Kd4 82. Kf1 Kd5 83. Kg1 Kc4 84. Kh1 Kc5 85. Kg1 Kb4 86. Kh1 Kb5 87. Kg1 Ka5 88. Kh1 Ka6 89. Kg1 Ka7 90. Kf1 Kb6 91. Ke1 Kb7 92. Kf1 Kc6 93. Kg1 Kc7 94. Kh1 Kd6 95. Kg1 Kd7 96. Kf1 Ke6 97. Ke1 Kf7 98.
Kf1 Kf6 99. Ke1 Kg7 100. Kf1 Kg6 101. Ke1 h5 102. Kf1 Kg5 103. Kg1 Kf6 104. Kf1 Kf5 105. Kg1 Ke6 106. Kf1 Ke5 107. Kg1 Kd6 108. Kf1 Kd5 109. Kg1 Kc6 110. Kf1 Kc5 111. Kg1 Kb6 112. Kf1 Kb5 113. Kg1 Bf6 114. Kf1 Rb2 115. Kg1 h4 116. Kh1 Ka6 117. Kg1 Ka7 118. Kh1 Ka8 119. Kg1 Kb7 120. Kh1 Kb8 121. Kg1 Kc7 122. Kh1 Kc8 123. Kg1 Kd7 124. Kh1 Kd8 125. Kg1 Ke7 126. Kh1 Ke8 127. Kg1 Kf7 128. Kh1 Kf8 129. Kg1 Kg7 130. Kh1 Kg8 131. Kg1 Kh7 132. Kh1 Kh8 133. Kg1 Kg7 134. Kh1 Kh6 135. Kg1 Kg6 136. Kh1 Kh5 137. Kg1 Kg5 138. Kh1 Kf5 139. Kg1 h3 140. Kh1 Ke4 141. Kg1 Ke5 142. Kh1 Ke6 143. Kg1 Kd5 144. Kh1 Kd6 145. Kg1 Kc5 146. Kh1 Kc6 147. Kg1 Kb5 148. Kh1 Kb6 149. Kg1 Ka5 150. Kh1 Ka4 151. Kg1 g3 152. Kh1 Rb1# 0-1

[Event "Early-Titled-Tuesday-Blitz-February-27-2024"]
[Site "Chess.com"]
[Date "2024.02.27"]
[Round "8"]
[White "mertfelin"]
[Black "SharapovEvgeny"]
[Result "0-1"]
[WhiteElo "2323"]
[BlackElo "2515"]
[TimeControl "180+1"]
[EndTime "9:21:22 PST"]
[Termination "SharapovEvgeny won by resignation"]

1. e4 c5 2. Nf3 d6 3. d4 cxd4 4.
Nxd4 Nf6 5. Nc3 Nc6 6. Bg5 e6 7.
Qd2 Be7 8. Bxf6 Bxf6 9. Nxc6 bxc6 10. Be2 O-O 11. O-O Rb8 12. Rab1 d5 13. h3 Qa5 14.
exd5 cxd5 15. Nd1 0-1

[Event "Early-Titled-Tuesday-Blitz-February-27-2024"]
[Site "Chess.com"]
[Date "2024.02.27"]
[Round "8"]
[White "BillCoe"]
[Black "balack95"]
[Result "0-1"]
[WhiteElo "2091"]
[BlackElo "2465"]
[TimeControl "180+1"]
[EndTime "9:21:32 PST"]
[Termination "balack95 won by resignation"]

1. e4 c5 2. Nf3 e6 3. d4 cxd4 4. Nxd4 Nc6 5. Nxc6 bxc6 6. Bd3 Nf6 7. O-O d5 8. exd5 cxd5 9. c4 Bd6 10. cxd5 Nxd5 11. Bb5+ Bd7 12. Bxd7+ Qxd7 13. b3 Be5 0-1

[Event "Early-Titled-Tuesday-Blitz-February-27-2024"]
[Site "Chess.com"]
[Date "2024.02.27"]
[Round "8"]
[White "Casper"]
[Black "francyIM"]
[Result "0-1"]
[WhiteElo "2561"]
[BlackElo "2791"]
[TimeControl "180+1"]
[EndTime "9:22:15 PST"]
[Termination "francyIM won by resignation"]

1. e4 e5 2. d4 exd4 3. Qxd4 Nc6 4. Qc4 Nf6 5. Nc3 Bb4 6. Bd2 O-O 7. O-O-O d6 8. Nd5 Bxd2+ 9. Rxd2 Be6 10. f3 Re8 11. Ne2 Bxd5 12. exd5 Ne5 13. Qc3 a5 14. Nd4 Nxd5 15. Qb3 Nb6 16. Nf5 Qg5 17. Ng3 Nxf3 18. Qxf3 Re1+ 0-1

[Event "Early-Titled-Tuesday-Blitz-February-27-2024"]
[Site "Chess.com"]
[Date "2024.02.27"]
[Round "8"]
[White "eightbyeightchess"]
[Black "Natalya_Buksa"]
[Result "0-1"]
[WhiteElo "2421"]
[BlackElo "2612"]
[TimeControl "180+1"]
[EndTime "9:22:53 PST"]
[Termination "Natalya_Buksa won by resignation"]

1. e4 c5 2. c3 d5 3. exd5 Nf6 4.
c4 e6 5. dxe6 Bxe6 6. Nc3 Nc6 7.
Nf3 Bd6 8. Be2 Qc7 9. h3 a6 10.
d3 O-O-O 11. Bg5 h6 12. Bxf6 gxf6 13. Nd5 Bxd5 14. cxd5 Nb4 15. Qb3 Rde8 16. a3 Qe7 17.
O-O Qxe2 18. axb4 Rhg8 19. Rae1 Rxg2+ 20. Kh1 Qxf3 21. Rxe8+ Kc7 22. Qd1 Rh2+ 0-1

[Event "Early-Titled-Tuesday-Blitz-February-27-2024"]
[Site "Chess.com"]
[Date "2024.02.27"]
[Round "8"]
[White "RandomNoob04"]
[Black "MasterKroket"]
[Result "0-1"]
[WhiteElo "2620"]
[BlackElo "2489"]
[TimeControl "180+1"]
[EndTime "9:23:16 PST"]
[Termination "MasterKroket won by resignation"]

1. e4 e5 2. d4 exd4 3. Qxd4 Nc6 4. Qe3 Nf6 5. e5 Qe7 6. Qe4 Nxe4 7. Bd3 Qxe5 8. Ne2 Nc5 9. Bc4 d5 10. Bb5 Bf5 11. O-O O-O-O 12. Bf4 Qxb2 13. Nbc3 Bd6 14. Rab1 Qxb1 15. Rxb1 Bxf4 16. Nxf4 Bxc2 17. Rc1 Be4 18. Nxe4 Nxe4 19. f3 Nf6 20. Nd3 Rhe8 21. Nc5 Re3 22.
Nxb7 Kxb7 23. Bxc6+ Kc8 24. Rb1 Rd6 25. Kf2 Ra3 26.
Bb5 Rxa2+ 27. Ke3 d4+ 28. Kd3 Ra3+ 29. Kc4 Rc3+ 30. Kb4 Nd5+ 31. Ka4 Nb6+ 32. Kb4 c5+ 33. Ka5 Ra3+ 34. Ba4 Rxa4+ 35. Kb5 Rb4+ 36. Kxc5 Rxb1 0-1

[Event "Early-Titled-Tuesday-Blitz-February-27-2024"]
[Site "Chess.com"]
[Date "2024.02.27"]
[Round "8"]
[White "Chesstiger64"]
[Black "Juicy_Fork"]
[Result "0-1"]
[WhiteElo "2359"]
[BlackElo "2532"]
[TimeControl "180+1"]
[EndTime "9:23:40 PST"]
[Termination "Juicy_Fork won by resignation"]

1. d4 Nf6 2. Nf3 g6 3. e3 Bg7 4. Be2 O-O 5. c4 d6 6. O-O Nbd7 7. Nc3 e5 8. b4 Re8 9. a4 c6 10. b5 e4 11. Nd2 cxb5 12. axb5 Nf8 13. Nb3 Bf5 14.
c5 dxc5 15. Nxc5 Qc7 16. Qb3 Ne6 17. Nxe6 Bxe6 18. Bc4 Bxc4 19. Qxc4 Qxc4 0-1

[Event "Early-Titled-Tuesday-Blitz-February-27-2024"]
[Site "Chess.com"]
[Date "2024.02.27"]
[Round "8"]
[White "Kunalm64"]
[Black "dropstoneDP"]
[Result "1-0"]
[WhiteElo "2597"]
[BlackElo "2990"]
[TimeControl "180+1"]
[EndTime "9:23:44 PST"]
[Termination "Kunalm64 won by resignation"]

1. e4 e5 2. Nf3 Nf6 3. Nxe5 d6 4. Nf3 Nxe4 5. d4 d5 6. Bd3 Bd6 7. O-O O-O 8. Re1 Bf5 9. Nbd2 Re8 10. Nf1 c6 11. Ng3 Bg6 12. Ne5 Bxe5 13. dxe5 Nd7 14.
Nxe4 dxe4 15. Bxe4 Bxe4 16. Rxe4 Nxe5 17. Qxd8 Raxd8 18. Bf4 Nc4 19. Rxc4 Re6 20. Be3 a6 21. h3 f6 22. a4 Red6 23. a5 Kf7 24. Ra3 Rd1+ 25. Kh2 R8d5 26. Rb3 Rb5 27. Rxb5 axb5 28. Rd4 Ra1 29.
Rd7+ Kg8 30. b4 Ra4 31. Bc5 1-0

[Event "Early-Titled-Tuesday-Blitz-February-27-2024"]
[Site "Chess.com"]
[Date "2024.02.27"]
[Round "8"]
[White "manitodeplomo"]
[Black "Rogarcia1"]
[Result "1-0"]
[WhiteElo "2642"]
[BlackElo "2503"]
[TimeControl "180+1"]
[EndTime "9:23:48 PST"]
[Termination "manitodeplomo won by resignation"]

1. d4 d5 2. c4 c6 3. Nf3 Nf6 4. Nc3 e6 5. Bg5 dxc4 6. e4 b5 7. a4 Bb4 8. e5 h6 9. exf6 hxg5 10. fxg7 Rg8 11. g3 Nd7 12. Bg2 Bb7 13. O-O Rxg7 14.
Ne5 Nxe5 15. dxe5 Qb6 16. Ne4 Rd8 17. Qh5 Ke7 18. Nxg5 Rdg8 19. Ne4 Qd4 20. Rad1 1-0

[Event "Early-Titled-Tuesday-Blitz-February-27-2024"]
[Site "Chess.com"]
[Date "2024.02.27"]
[Round "8"]
[White "FREDERICKtheMATE"]
[Black "artin10862"]
[Result "0-1"]
[WhiteElo "2682"]
[BlackElo "2889"]
[TimeControl "180+1"]
[EndTime "9:23:53 PST"]
[Termination "artin10862 won by checkmate"]

1. d4 d5 2. c4 dxc4 3. e3 c5 4. Bxc4 cxd4 5. exd4 Nf6 6. Nc3 e6 7. Bg5 h6 8. Bxf6 Qxf6 9. Nf3 Bd6 10. O-O O-O 11. d5 e5 12. Ne4 Qd8 13. Nxd6 Qxd6 14. Re1 Bg4 15. h3 Bxf3 16. Qxf3 Nd7 17. Rad1 f5 18.
a3 Rac8 19. Bb3 g6 20. Qe3 Kg7 21. Ba4 Nb6 22. Bb3 Rfe8 23. h4 a6 24. Rd2 Nd7 25.
Bc2 Nf6 26. Bb3 Rc7 27. f3 e4 28. fxe4 Rxe4 29. Qf2 Ng4 30. Qf1 Qh2# 0-1

[Event "Early-Titled-Tuesday-Blitz-February-27-2024"]
[Site "Chess.com"]
[Date "2024.02.27"]
[Round "8"]
[White "Fonsofan"]
[Black "ahkashefi2800"]
[Result "0-1"]
[WhiteElo "2725"]
[BlackElo "2611"]
[TimeControl "180+1"]
[EndTime "9:23:54 PST"]
[Termination "ahkashefi2800 won by checkmate"]

1. b4 Nf6 2. Bb2 g6 3. g3 Bg7 4. Bg2 O-O 5. c4 c6 6. Nf3 d5 7.
Na3 Qb6 8. Qb3 a5 9. cxd5 axb4 10. Nc4 Qc5 11. dxc6 Nxc6 12. d4 Qb5 13. a4 Qa6 14. Ne3 Be6 15. d5 Na5 16. Qxb4 Bxd5 17. Bxf6 Bxf3 18. Bxg7 Qxe2# 0-1

[Event "Early-Titled-Tuesday-Blitz-February-27-2024"]
[Site "Chess.com"]
[Date "2024.02.27"]
[Round "8"]
[White "NewYearGirl"]
[Black "MaxLeto"]
[Result "0-1"]
[WhiteElo "2378"]
[BlackElo "2523"]
[TimeControl "180+1"]
[EndTime "9:23:56 PST"]
[Termination "MaxLeto won by resignation"]

1. e4 c5 2. Nf3 d6 3. d4 cxd4 4.
Nxd4 Nf6 5. Nc3 a6 6. Bg5 Nbd7 7. f4 Qc7 8. Qf3 h6 9. Bxf6 Nxf6 10. O-O-O Bg4 11.
Nd5 Nxd5 12. Qxg4 Ne3 13. Qh5 g6 14. Qh3 Nxd1 15. Kxd1 Bg7 16. Qe3 Qb6 17. c3 Qxb2 18.
f5 Rc8 19. fxg6 Rxc3 20. gxf7+ Kd7 0-1

[Event "Early-Titled-Tuesday-Blitz-February-27-2024"]
[Site "Chess.com"]
[Date "2024.02.27"]
[Round "8"]
[White "Practical-Play"]
[Black "jraosam"]
[Result "1-0"]
[WhiteElo "2587"]
[BlackElo "1968"]
[TimeControl "180+1"]
[EndTime "9:23:58 PST"]
[Termination "Practical-Play won by checkmate"]

1. e4 d5 2. exd5 Qxd5 3. Nc3 Qd6 4. d4 Nf6 5. Nf3 Bg4 6. Nb5 Qd7 7. h3 Bxf3 8. Qxf3 c6 9. Nc3 Qxd4 10. Be3 Qb4 11. O-O-O Nbd7 12. g4 h6 13. a3 Qa5 14. Bf4 O-O-O 15.
Kb1 e6 16. Rd4 Qb6 17. Na4 Qxd4 18. Qxc6+ bxc6 19. Ba6# 1-0